 Dungeon Crawl Stone Soup version 0.17.0-25-gefc9c12 (console) character file.

147 gw the Conjurer (level 5, -2/44 HPs)
             Began as a Deep Dwarf Conjurer on Nov 18, 2015.
             Slain by gw's ghost (3 damage)
             ... on level 3 of the Dungeon.
             The game lasted 00:02:12 (2342 turns).

gw the Conjurer (Deep Dwarf Conjurer)               Turns: 2342, Time: 00:02:12

Health: -2/44      AC: 12    Str: 10 (12) XL:     5   Next: 7%
Magic:  1/8        EV: 12    Int: 16      God:
Gold:   84         SH:  0    Dex: 13      Spells: 3 memorised, 4 levels left

rFire  . . .     SeeInvis +     a - +0 short sword
rCold  . . .     Clarity  .     g - +0 leather armour
rNeg   . . .     SustAt   .     (no shield)
rPois  .         Gourm    .     k - +2 helmet {SInv}
rElec  .         Spirit   .     m - +2 cloak
rCorr  .         Warding  .     (no gloves)
rMut   .         Stasis   .     j - +2 pair of boots
MR     .....                    (no amulet)
Stlth  ++........               (no ring)
                                (no ring)

@: non-regenerating, not resistant to hostile enchantments, unstealthy
A: damage resistance, recharge devices, sense surroundings 1, slow regeneration
3
a: Device Recharging


You were on level 3 of the Dungeon.
You were hungry.

You visited 1 branch of the dungeon, and saw 3 of its levels.

You collected 84 gold pieces.

Inventory:

Hand Weapons
 a - a +0 short sword (weapon)
 b - a +0 hand crossbow
Armour
 g - a +0 leather armour (worn)
 j - a +2 pair of boots (worn)
 k - a +2 helmet of see invisible (worn)
 m - a +2 cloak (worn)
Wands
 c - a wand of heal wounds (0)
Books
 o - a book of Conjurations

   Spells                             Type                      Level
   a - Magic Dart                     Conjuration                  1
   b - Searing Ray                    Conjuration                  2
   c - Dazzling Spray                 Conjuration/Hexes            3
   d - Fulminant Prism                Conjuration/Hexes            4
   e - Iskenderun's Mystic Blast      Conjuration                  4
   f - Iskenderun's Battlesphere      Conjuration/Charms           5
Comestibles
 d - 2 bread rations
 h - 4 fruits


   Skills:
 + Level 1.5 Fighting
 + Level 2.1 Armour
 - Level 2.1 Dodging
 - Level 2.4 Stealth
 * Level 3.1 Spellcasting
 + Level 4.1 Conjurations
 - Level 0.3 Evocations


You had 4 spell levels left.
You knew the following spells:

 Your Spells              Type           Power        Failure   Level  Hunger
a - Magic Dart            Conj           ###.         6%          1    None
b - Searing Ray           Conj           ###...       10%         2    ##.....
c - Dazzling Spray        Conj/Hex       #.......     34%         3    ###....


Dungeon Overview and Level Annotations

Branches:
Dungeon (3/15)

Altars:

Annotations:
D:3 gw's ghost, amateur DDEn


Innate Abilities, Weirdness & Mutations

You are resistant to damage.
You can recharge devices by infusing magical energy.
You passively map a small area around you.
You do not regenerate naturally.


Message History

ATTACK MOVE TO (1,-1)
You closely miss gw's ghost.
Gw's ghost is severely damaged.
The gnoll barely misses you. Gw's ghost closely misses you.
The gnoll hits you with a halberd.
ATTACK MOVE TO (1,-1)
You hit gw's ghost but do no damage.
Gw's ghost is severely damaged.
Gw's ghost barely misses you. The gnoll hits you with a flail.
The gnoll barely misses you.
ATTACK MOVE TO (1,-1)
You hit gw's ghost but do no damage.
Gw's ghost is severely damaged.
Gw's ghost misses you. The gnoll closely misses you.
The gnoll hits you with a halberd.
ATTACK MOVE TO (1,-1)
You closely miss gw's ghost.
Gw's ghost is severely damaged.
Gw's ghost hits you.
You die...

,, ......# ,
* ......# *
....... *
##.....##
#.......# * *
,*#%...>..# *
#.##)W[.....
,
*#...gg......
* *
*####.g..!...
#.....)..
#........ ,*
#........
#........ *
##....... **
, ....... , *


You could see gw's ghost and 2 gnolls.

Table legend:
 A = Turns spent in this place as a percentage of turns spent in the entire game.
 B = Non-inter-level travel turns spent in this place as a percentage of non-inter-level travel turns spent in the entire game.
 C = Inter-level travel turns spent in this place as a percentage of turns spent in this place.
 D = Turns resting spent in this place as a percentage of non-inter-level travel turns spent in this place.
 E = Turns spent auto-exploring this place as a percentage of non-inter-level travel turns spent in this place.
 F = Non-inter-level travel turns spent in this place divided by the number of levels of this place that you've seen.
                   A       B       C       D       E      F
               +-------+-------+-------+-------+-------+----------------------
         Total | 100.0 | 100.0 |   0.3 |   1.4 |   2.1 | 1174.0
       Dungeon | 100.0 | 100.0 |   0.3 |   1.4 |   2.1 | 1174.0
               +-------+-------+-------+-------+-------+----------------------

Table legend:
 A = Kills in this place as a percentage of kills in entire the game.
 B = Kills by you in this place as a percentage of kills by you in the entire game.
 C = Kills by friends in this place as a percentage of kills by friends in the entire game.
 D = Other kills in this place as a percentage of other kills in the entire game.
 E = Experience gained in this place as a percentage of experience gained in the entire game.
 F = Experience gained in this place divided by the number of levels of this place that you have seen.
                   A       B       C       D       E      F
               +-------+-------+-------+-------+-------+----------------------
         Total | 100.0 | 100.0 |  -nan |  -nan | 100.0 |  70.0
       Dungeon | 100.0 | 100.0 |  -nan |  -nan | 100.0 |  70.0
               +-------+-------+-------+-------+-------+----------------------

Vanquished Creatures
  Ijyb (D:2)
  Terence (D:2)
  Robin (D:2)
  A gnoll (D:3)
  An adder (D:2)
  An ooze (D:2)
  2 worms (D:2)
  A giant gecko (D:1)
  4 bats
  4 giant cockroaches
  14 goblins
  10 hobgoblins
  5 kobolds
  2 quokkas (D:2)
  A ball python (D:2)
49 creatures vanquished.

Notes
Turn   | Place    | Note
--------------------------------------------------------------
     0 | D:1      | gw the Deep Dwarf Conjurer began the quest for the Orb.
     0 | D:1      | Reached XP level 1. HP: 15/15 MP: 3/3
   209 | D:1      | Reached XP level 2. HP: 14/22 MP: 0/5
   278 | D:1      | Learned a level 2 spell: Searing Ray
   453 | D:1      | Reached skill level 1 in Armour
   962 | D:1      | Learned a level 1 spell: Magic Dart
  1072 | D:2      | Noticed Ijyb
  1081 | D:2      | Reached XP level 3. HP: 27/30 MP: 0/6
  1120 | D:2      | Killed Ijyb
  1120 | D:2      | Reached skill level 1 in Fighting
  1184 | D:2      | Learned a level 3 spell: Dazzling Spray
  1214 | D:2      | Noticed Robin
  1225 | D:2      | Reached XP level 4. HP: 28/38 MP: 0/7
  1243 | D:2      | Killed Robin
  1268 | D:2      | Reached skill level 4 in Conjurations
  1500 | D:2      | Noticed Terence
  1544 | D:2      | Killed Terence
  2299 | D:3      | Noticed gw's ghost (amateur DDEn)
  2306 | D:3      | Reached XP level 5. HP: 42/44 MP: 0/8
  2341 | D:3      | HP: 1/44 [gnoll/halberd (4)]
  2342 | D:3      | Slain by gw's ghost

Action                   |  1- 3 |  4- 6 || total
-------------------------+-------+-------++-------
Melee: Club              |    11 |       ||    11
       Short sword       |    65 |   145 ||   210
 Cast: Magic Dart        |    49 |    41 ||    90
       Dazzling Spray    |     1 |     4 ||     5
 Abil: Device Recharging |       |     1 ||     1
Evoke: Wand              |     3 |     7 ||    10
  Use: Scroll            |     4 |     4 ||     8
       Potion            |     1 |     4 ||     5
 Stab: Invisible         |       |     1 ||     1
  Eat: Chunk             |     2 |     4 ||     6

Vault maps used:
D:1:      mushboom_english_gardens
D:2:      uniq_terence, uniq_robin, uniq_iyjb
D:3:      tso_metal_star
